AoeStats
← DelhiayJolory

Fortress

510102098Analyzed
2v2 RM · 2d ago on Sep 29, 2026· 32m 0s· 4 players
Game mode
Random Map
Map size
Normal (6 player)
Population
200
Speed
Normal
Resources
Standard
Victory
Conquest
Starting age
Dark Age
Ending age
Imperial Age
RankedLock teamsTeams togetherTeam positionsShared explorationLock speedFull tech treeHidden civsTurbo modeCheats
Victory
Defeat
🇨🇳 Bengalis · China
1071
+10
🇨🇳 Franks · China
913
+15
🇨🇳 Saxons · China
938
-13
🇨🇳 Vikings · China
900
-12
强力枇杷露
7:11 Feudal Age
8:24 Loom
11:20 Castle Age
9:37 Double-Bit Axe
12:12 Horse Collar
17:40 Wheelbarrow
18:09 Gold Mining
19:48 Town Watch
23:24 Imperial Age
21:58 Scale Barding Armor
22:00 Paiks
22:29 Bow Saw
22:58 Bloodlines
23:32 Husbandry
24:55 Forging
26:34 Conscription
27:30 Iron Casting
27:16 Chain Barding Armor
28:26 Scale Mail Armor
29:26 Blast Furnace
28:02 Man-at-Arms
28:42 Long Swordsman
29:17 Two-Handed Swordsman
30:59 Chain Mail Armor
DelhiayJolory
5:23 Loom
9:00 Feudal Age
11:00 Gold Mining
10:57 Double-Bit Axe
15:57 Castle Age
17:38 Gold Shaft Mining
17:17 Bow Saw
18:43 Husbandry
23:03 Wheelbarrow
25:46 Scale Barding Armor
25:52 Forging
26:16 Hand Cart
26:17 Squires
25:40 Pikeman
28:03 Man-at-Arms
Tamerlane
8:04 Feudal Age
8:38 Double-Bit Axe
11:47 Castle Age
10:08 Horse Collar
12:54 Bow Saw
18:36 Gold Mining
23:01 Imperial Age
20:44 Squires
20:56 Forging
20:32 Loom
21:48 Scale Mail Armor
22:58 Iron Casting
23:00 Chain Mail Armor
23:02 Capped Ram
24:09 Arson
26:43 Man-at-Arms
30:09 Conscription
Market Blockers
8:26 Feudal Age
9:31 Double-Bit Axe
11:55 Castle Age
9:39 Horse Collar
11:13 Wheelbarrow
13:27 Bow Saw
13:41 Heavy Plow
19:54 Loom
21:25 Gold Mining
24:54 Imperial Age
22:51 Gambesons
23:07 Squires
22:53 Arson
23:11 Scale Mail Armor
23:50 Forging
24:34 Gold Shaft Mining
24:37 Chain Mail Armor
24:59 Stone Mining
24:56 Capped Ram
26:22 Iron Casting
27:42 Plate Mail Armor
26:53 Elite Varangian Guard
29:58 Ballistics
31:56 Siege Ram
Connection lost

Rejoining the realm…

Still unreachable

The connection could not be restored.

Session expired

The server has moved on; the page needs a fresh start.